 Dungeon Crawl Stone Soup version 0.31.0-9-g3a7656b989 (webtiles) character file.

Game seed: 16322339310566848802

258 Gottschkopf the Changeling (level 5, -1/40 HPs)
             Began as a Draconian Shapeshifter on Jan 26, 2024.
             Was an Initiate of Cheibriados.
             Incinerated by a bombardier beetle (5 damage)
             ... with a burning spray
             ... on level 4 of the Dungeon.
             The game lasted 00:04:34 (2734 turns).

Gottschkopf the Changeling (Draconian Shapeshifter) Turns: 2734, Time: 00:04:34

Health: -1/40      AC:  5    Str: 19    XL:     5   Next: 94%
Magic:  5/5        EV: 12    Int: 12    God:    Cheibriados [......]
Gold:   167        SH:  0    Dex: 11    Spells: 4/4 levels left

rFire   . .          .
                       - Unarmed
rCold   . . .        (no shield)
rNeg    . . .        (body armour unavailable)
rPois   +            (helmet currently unavailable)
rElec   .            (cloak currently unavailable)
rCorr   .            (gloves currently unavailable)
SInv    .            (boots currently unavailable)
Will    +....        (no amulet)
Stlth   +            i - ring of willpower
HPRegen 0.26/turn    l - ring of poison resistance
MPRegen 0.09/turn

%: no passive effects
@: on fire, beast-form, glowing, very slow
A: beast (slay +3), AC +5, unfitting armour, cold-blooded
a: Begin Untransformation, Renounce Religion


You were on level 4 of the Dungeon.
You worshipped Cheibriados.
Cheibriados was noncommittal.
You were a hulking beast.
You visited 1 branch of the dungeon, and saw 4 of its levels.

You collected 167 gold pieces.

Inventory:

Jewellery
 i - a ring of willpower (left hand)
 l - a ring of poison resistance (right hand)
Talismans
 b - a beast talisman
 c - a flux talisman
Scrolls
 d - a scroll of enchant armour {unknown}
 e - 5 scrolls of identify {unknown}
 f - a scroll of fear {unknown}
 h - a scroll of blinking {unknown}
Potions
 a - 2 potions of lignification
 g - a potion of curing {unknown}
 j - a potion of resistance {unknown}
 k - a potion of might {unknown}
 m - a potion of enlightenment {unknown}
 n - a potion of invisibility {unknown}
 o - a potion of mutation {unknown}
 p - a potion of brilliance {unknown}


   Skills:
 - Level 1.1 Fighting
 - Level 1.7 Dodging
 - Level 3.8 Unarmed Combat
 + Level 5.8 Shapeshifting


You had 4 spell levels left.
You didn't know any spells.
Your spell library was empty.

Dungeon Overview and Level Annotations

Branches:
Dungeon (4/15)
 Temple: D:4-7

Altars:
Cheibriados


Innate Abilities, Weirdness & Mutations

You are a hulking beast.
Your limbs bulge with bestial killing power. (Slay +3)
Your plain brown scales are hard. (AC +5)
You cannot fit into any form of body armour.
You are cold-blooded and may be slowed by cold attacks.


Message History

Cheibriados appreciates the change of pace.
The water moccasin zombie completely misses you.
You punch the water moccasin zombie!
The water moccasin zombie is heavily damaged.
The water moccasin zombie bites you.
* * * LOW HITPOINT WARNING * * *
You punch the water moccasin zombie!
The water moccasin zombie is severely damaged.
The water moccasin zombie closely misses you.
You hit the water moccasin zombie.
Your punch misses the water moccasin zombie.
The water moccasin zombie is severely damaged.
The water moccasin zombie bites you.
* * * LOW HITPOINT WARNING * * *
You hit the water moccasin zombie.
The water moccasin zombie is almost destroyed.
The water moccasin zombie closely misses you.
You closely miss the water moccasin zombie.
The water moccasin zombie is almost destroyed.
The water moccasin zombie closely misses you.
You closely miss the water moccasin zombie.
The water moccasin zombie is almost destroyed.
The water moccasin zombie bites you but does no damage.
You hit the water moccasin zombie.
Your tail-slap misses the water moccasin zombie.
You punch the water moccasin zombie.
You destroy the water moccasin zombie!
Cheibriados appreciates the change of pace.
The bombardier beetle sprays incendiary fluid at you.
The burning spray hits you.
You are covered in liquid fire!
You hit the bombardier beetle.
The bombardier beetle is lightly wounded.
The liquid fire burns you!
* * * LOW HITPOINT WARNING * * *
The bombardier beetle misses you.
You hit the bombardier beetle.
The bombardier beetle is heavily wounded.
The liquid fire burns you!
You die...

.# ..# .# #.# #.# #.# ###
... . ##.####.# [..#.
#...(...#
#.#.##############.####.#
...............########.#
#.#.#..........Bh.......#
...............##########
#.#.#..........#
.<..÷..........#
....÷..........#
....#####......# ....#
#......# ....# #......#
....# #......#


You could see a bombardier beetle.

Vanquished Creatures
  A water moccasin zombie (D:4)
  A bombardier beetle (D:3)
  A jelly (D:3)
  A hound zombie (D:4)
  6 adders
  3 dart slugs
  2 ribbon worms
  8 ball pythons
  8 bats
  3 endoplasms
  2 giant cockroaches
  5 goblins
  5 hobgoblins
  5 kobolds
  3 quokkas
  4 frilled lizards
  10 rats (D:1)
68 creatures vanquished.

Notes
Turn   | Place    | Note
-------+----------+-------------------------------------------
     0 | D:1      | Gottschkopf the Draconian Shapeshifter began the quest for
                  | the Orb.
     0 | D:1      | Reached XP level 1. HP: 16/16 MP: 1/1
   110 | D:1      | Reached XP level 2. HP: 18/23 MP: 2/2
   574 | D:1      | Reached XP level 3. HP: 28/28 MP: 3/3
  1212 | D:2      | Reached skill level 4 in Shapeshifting
  1425 | D:2      | Reached XP level 4. HP: 35/35 MP: 4/4
  1608 | D:3      | Found a snail-covered altar of Cheibriados.
  1625 | D:3      | Became a worshipper of Cheibriados the Contemplative
  1674 | D:3      | Identified the +2 ring mail of the Tanner {Harm rN+ Int-5}
  1911 | D:3      | Reached skill level 5 in Shapeshifting
  1911 | D:3      | Reached XP level 5. HP: 18/40 MP: 5/5
  2009 | D:3      | You fall into a shaft and drop 1 floor!
  2734 | D:4      | Incinerated by a bombardier beetle

Illustrated notes

Levels and vault maps discovered:
D:1:      sevenhm_arrival_forest_fort_small_4, layout_loops_ring, nrook_campfire
D:2:      wad_crossroads, layout_basic
D:3:      layout_basic, slow_altar_1, roderic_lattice_a
D:4:      minmay_diamond_boxcup, layout_basic, mainiacjoe_overflow_brackets,
          serial_undead, serial_undead_d, serial_undead_f, serial_undead_b,
          serial_undead_d, st_stairs_13, nicolae_figureground_sparkle,
          uniq_sigmund, uniq_natasha

Skill      XL: |  1  2  3  4 |
---------------+-------------+-----
Shapeshifting  | 4 5 |  5.8
Fighting       | |  1.1
Dodging        | |  1.7
Unarmed Combat | |  3.8

Action                     |  1- 3 |  4- 6 || total
---------------------------+-------+-------++-------
  Melee: Unarmed           |    89 |    83 ||   172
         Tailslap          |     5 |     7 ||    12
         Punch             |     4 |     3 ||     7
   Stab: Sleeping          |     1 |       ||     1
 Armour: Skin              |    46 |    51 ||    97
  Dodge: Dodged            |    63 |    68 ||   131
